 Dungeon Crawl Stone Soup version 0.30-a0-170-g85af917532 (webtiles) character file.

Game seed: 14799753484334035576

377 jimonade the Slicer (level 7, -2/40 HPs)
             Began as a Kobold Brigand on Sept 30, 2022.
             Slain by a gnoll bouda
             ... wielding a +0 whip
              (6 damage)
             ... on level 3 of the Dungeon.
             The game lasted 00:06:27 (4479 turns).

jimonade the Slicer (Kobold Brigand)                Turns: 4479, Time: 00:06:27

Health: -2/40      AC: 10    Str:  8    XL:     7   Next: 4%
Magic:  7/7        EV: 12    Int: 12    God:
Gold:   174        SH:  0    Dex: 19    Spells: 6/6 levels left

rFire   . . .      SeeInvis .    a - +2 dagger
rCold   . . .      Faith    .    (no shield)
rNeg    . . .      Spirit   .    o - +0 ring mail
rPois   .          Reflect  .    (no helmet)
rElec   .          Harm     .    c - +0 cloak
rCorr   .          Rampage  .    (no gloves)
Will    +....                    (no boots)
Stlth   ++++......               (no amulet)
HPRegen 0.13/turn                g - +4 ring of protection
MPRegen 0.10/turn                w - ring of willpower

@: weakened
A: small, no large weapons, nightstalker 3
a: no special abilities


You were on level 3 of the Dungeon.
You visited 1 branch of the dungeon, and saw 4 of its levels.

You collected 174 gold pieces.

Inventory:

Hand Weapons
 a - a +2 dagger (weapon)
 l - a +1 spear of freezing
 u - a +0 rapier
Missiles
 d - 18 poisoned darts (quivered)
 e - 3 curare-tipped darts
Armour
 b - a +0 robe
 c - a +0 cloak (worn)
 h - a +0 leather armour
 o - a +0 ring mail (worn)
Jewellery
 g - a +4 ring of protection (left hand)
 w - a ring of willpower (right hand)
Scrolls
 i - a scroll of identify {unknown}
 j - 3 scrolls of teleportation {unknown}
 k - 2 scrolls of fear {unknown}
 r - a scroll of enchant weapon {unknown}
 s - a scroll of noise {unknown}
 v - a scroll of acquirement {unknown}
 x - a scroll of summoning {unknown}
 y - a scroll of poison {unknown}
Potions
 f - a potion of berserk rage {unknown}
 m - 4 potions of haste {unknown}
 n - 2 potions of attraction {unknown}
 p - a potion of cancellation {unknown}
 q - 2 potions of heal wounds {unknown}
 t - 3 potions of flight {unknown}
 z - a potion of might {unknown}


   Skills:
 - Level 2.1 Fighting
 + Level 9.2 Short Blades
 - Level 2.1 Throwing
 - Level 1.2 Dodging
 - Level 5.3 Stealth


You had 6 spell levels left.
You didn't know any spells.
Your spell library contained the following spells:

 Spells                   Type           Power      Damage    Failure   Level
 Blade Hands              Tmut           0%         N/A       100%        5
 Irradiate                Conj/Tmut      0%         3d11      100%        5
 Dragon Form              Tmut           0%         N/A       100%        7


Dungeon Overview and Level Annotations

Branches:
Dungeon (4/15)
 Temple: D:4-7

Altars:
Vehumet

Annotations:
D:3 exclusion: 4 gnolls


Innate Abilities, Weirdness & Mutations

You are small and have problems with some larger weapons.
You are completely attuned to the shadows.


Message History

The gnoll bouda prays to its god.
The gnoll bouda is healed somewhat.
You hit the gnoll bouda but do no damage.
The gnoll bouda is heavily wounded.
You hit the gnoll bouda.
The gnoll bouda is severely wounded.
The gnoll bouda hits you but does no damage.
You hit the gnoll bouda.
The gnoll bouda is severely wounded.
You barely miss the gnoll bouda.
The gnoll bouda is severely wounded.
The gnoll bouda gazes fiercely through you!
You feel your attacks grow feeble. The gnoll bouda completely misses you.
You barely miss the gnoll bouda.
The gnoll bouda is severely wounded.
You barely miss the gnoll bouda.
The gnoll bouda is severely wounded.
The gnoll bouda barely misses you.
You hit the gnoll bouda but do no damage.
The gnoll bouda is severely wounded.
The gnoll bouda gazes fiercely through you!
You feel as though you will be weak longer.
The gnoll bouda closely misses you.
You hit the gnoll bouda but do no damage.
The gnoll bouda is severely wounded.
You hit the gnoll bouda but do no damage.
The gnoll bouda is severely wounded.
The gnoll bouda hits you but does no damage.
You hit the gnoll bouda but do no damage.
The gnoll bouda is severely wounded.
You hit the gnoll bouda but do no damage.
The gnoll bouda is severely wounded.
The gnoll bouda hits you but does no damage.
You barely miss the gnoll bouda.
The gnoll bouda is severely wounded.
You hit the gnoll bouda but do no damage.
The gnoll bouda is severely wounded.
The gnoll bouda hits you with a +0 whip.
You die...

....[.##....#
#.##########.##
.##.#.##....# #.#
#.....#.#
.##.#.##....# #.#
#.(.....#
###.#.##....#
#.########.###
#.#.##....#
#.#........[.#
#[#.###.###
#.#.######.#.# #.#.#
#.# #.#.# #.#.##
###.#.###.######.#.#
#.#..#
...............g@#.#
#.#.##
###.#.###.###.####.#
#.#.# ###.#.#
#.###.####.######.#.#
....#.#
#.##................##
#####.#
#.#..#####.######....#
# #.# #.#†.# #.#
###†## # #.# #....#
#.# #.# # #.# #..#.#
#.# #.# # #.###.##.#
#.# #.#


You could see a gnoll bouda.

Vanquished Creatures
  A scorpion (D:4)
  A necrophage (D:4)
  Ijyb (D:4)
  Jessica (D:2)
  Natasha (twice) (D:3)
  5 adders
  3 dart slugs
  2 orcs
  11 endoplasms
  5 giant cockroaches
  11 hobgoblins
  8 jackals
  4 quokkas
  5 ball pythons
  5 bats
  3 frilled lizards (D:3)
  14 goblins
  7 kobolds
  6 rats
95 creatures vanquished.

Vanquished Creatures (others)
  2 plants (D:2)
2 creatures vanquished.

Grand Total: 97 creatures vanquished

Notes
Turn   | Place    | Note
-------+----------+-------------------------------------------
     0 | D:1      | jimonade the Kobold Brigand began the quest for the Orb.
     0 | D:1      | Reached XP level 1. HP: 12/12 MP: 1/1
    58 | D:1      | Reached skill level 3 in Short Blades
   127 | D:1      | Reached XP level 2. HP: 17/17 MP: 2/2
   229 | D:1      | Reached skill level 4 in Short Blades
   324 | D:1      | Reached XP level 3. HP: 21/21 MP: 3/3
  1010 | D:1      | Reached skill level 5 in Short Blades
  1601 | D:2      | Reached XP level 4. HP: 21/26 MP: 4/4
  1756 | D:2      | Noticed Jessica
  1760 | D:2      | Killed Jessica
  1761 | D:2      | Reached skill level 6 in Short Blades
  1884 | D:2      | Reached XP level 5. HP: 30/30 MP: 5/5
  2980 | D:3      | Reached skill level 7 in Short Blades
  3203 | D:3      | Noticed Natasha
  3205 | D:3      | Killed Natasha
  3531 | D:3      | Noticed Natasha
  3542 | D:3      | Killed Natasha
  3543 | D:3      | Reached XP level 6. HP: 19/35 MP: 6/6
  3896 | D:4      | Reached skill level 8 in Short Blades
  3998 | D:4      | Found a radiant altar of Vehumet.
  4028 | D:4      | Reached skill level 9 in Short Blades
  4272 | D:4      | Noticed Ijyb
  4277 | D:4      | Paralysed by Ijyb for 4 turns
  4286 | D:4      | Paralysed by Ijyb for 4 turns
  4316 | D:4      | Paralysed by Ijyb for 5 turns
  4323 | D:4      | Killed Ijyb
  4324 | D:4      | Reached XP level 7. HP: 30/40 MP: 7/7
  4479 | D:3      | Slain by a gnoll bouda

Illustrated notes

Levels and vault maps discovered:
D:1:      dpeg_arrival_signposts, layout_basic, serial_glass, glass_columns_a,
          glass_columns_a, feat_on_display, minmay_bisected
D:2:      layout_loops_ring, serial_forest, infiniplex_forest_lined_room_2,
          infiniplex_forest_end_1, infiniplex_forest_clump_tiny,
          infiniplex_forest_clump_small, infiniplex_forest_pool,
          infiniplex_forest_lined_2, infiniplex_forest_lined_ring,
          infiniplex_forest_straight_4, minmay_pentomino_t2, uniq_jessica
D:3:      layout_basic, st_stairs_3, uniq_natasha
D:4:      layout_loops_ring, nicolae_vehumet_altar_sigil,
          uniq_crazy_yiuf_cottage, uniq_ijyb

Skill      XL: |  1  2  3  4  5  6 |
---------------+-------------------+-----
Short Blades   | 3 4 5 6 7 9 |  9.2
Fighting       | |  2.1
Throwing       | |  2.1
Dodging        | |  1.2
Stealth        | |  5.3

Action                   |  1- 3 |  4- 6 |  7- 9 || total
-------------------------+-------+-------+-------++-------
Melee: Dagger            |    70 |   210 |    46 ||   326
       Punch             |       |     3 |       ||     3
Throw: Dart              |       |     1 |       ||     1
 Stab: Sleeping          |    18 |    26 |       ||    44
       Distracted        |     1 |     1 |       ||     2
Armor: Robe              |     4 |       |       ||     4
       Ring mail         |    10 |    49 |    11 ||    70
       Leather armour    |     2 |       |       ||     2
Dodge: Dodged            |    29 |    72 |    10 ||   111

Table legend: (Time is in decaauts)
 A = Elapsed time spent in this place.
 B = Non-inter-level travel time spent in this place.
 C = Inter-level travel time spent in this place.
 D = Time resting spent in this place.
 E = Time spent auto-exploring this place.
 F = Levels seen in this place.
 G = Mean time per level.
                   A        B        C        D        E       F      G
               +--------+--------+--------+--------+--------+-----+--------+
         Total |   4368 |   4239 |    129 |    179 |   3248 |   4 | 1092.0 |
       Dungeon |   4368 |   4239 |    129 |    179 |   3248 |   4 | 1092.0 |
               +--------+--------+--------+--------+--------+-----+--------+

Top non-repeatable levels by time:
     D:3: 1345 daAuts
     D:1: 1321 daAuts
     D:2: 1058 daAuts
     D:4: 642 daAuts
